 Dungeon Crawl Stone Soup version 0.31-a0-496-g6f97920a28 (webtiles) character file.

Game seed: 6908830996243992710

3184 Zonian the Ruffian (level 9, -12/63 HPs)
             Began as an Octopode Shapeshifter on Aug 9, 2023.
             Was a High Priest of Nemelex Xobeh.
             Mangled by Grum
             ... wielding a +0 halberd
              (28 damage)
             ... on level 8 of the Dungeon.
             The game lasted 00:13:22 (9786 turns).

Zonian the Ruffian (Octopode Shapeshifter)          Turns: 9786, Time: 00:13:22

Health: -12/63     AC:  1    Str: 22    XL:     9   Next: 95%
Magic:  9/9        EV: 14    Int: 17    God:    Nemelex Xobeh [*****.]
Gold:   39         SH:  0    Dex: 12    Spells: 8/8 levels left

rFire   . .          .
                       - Unarmed
rCold   . . .        (no shield)
rNeg    . . .        (helmet currently unavailable)
rPois   +            (no amulet)
rElec   .            h - +6 ring of intelligence
rCorr   .            n - ring "Racuhiar" {rPois Str+4}
SInv    .            (no ring)
Will    .....        (no ring)
Stlth   ++++         (no ring)
HPRegen 0.30/turn    (no ring)
MPRegen 0.11/turn    (no ring)
                     (no ring)

%: no passive effects
@: beast-form
A: beast (slay +4), almost no armour, amphibious, 8 rings, camouflage 1,
gelatinous body 1, (nimble swimmer 1), tentacles
a: Begin Untransformation, Renounce Religion, Draw Escape, Draw Destruction,
Draw Summoning, Triple Draw, Deal Four, Stack Five


You were on level 8 of the Dungeon.
You worshipped Nemelex Xobeh.
Nemelex Xobeh was extremely pleased with you.
You were a hulking beast.
You visited 1 branch of the dungeon, and saw 9 of its levels.

You collected 408 gold pieces.
You spent 369 gold pieces at shops.

Inventory:

Jewellery
 h - a +6 ring of intelligence (left tentacle)
 n - the ring "Racuhiar" (right tentacle) {rPois Str+4}
   (You found it on level 5 of the Dungeon)

   [ring of poison resistance]

   Str:       It affects your strength (+4).
   rPois:     It protects you from poison.
Talismans
 b - a beast talisman (active)
 c - a flux talisman
Wands
 k - a wand of digging (6)
 l - a wand of acid (23)
 q - a wand of flame (15)
Scrolls
 f - a scroll of identify
 i - a scroll of immolation
 j - a scroll of revelation
 p - a scroll of enchant armour
Potions
 a - a potion of lignification
 d - a potion of berserk rage
 e - 5 potions of curing
 g - 2 potions of might
 m - a potion of attraction
 o - a potion of enlightenment
 r - a potion of ambrosia {unknown}
 s - 3 potions of heal wounds


   Skills:
 + Level 6.9 Fighting
 - Level 5.4 Dodging
 - Level 5.0 Stealth
 + Level 7.6 Unarmed Combat
 + Level 6.5 Shapeshifting


You had 8 spell levels left.
You didn't know any spells.
Your spell library contained the following spells:

 Spells                   Type           Power      Damage    Failure   Level
 Sting                    Tmut/Pois      0%         1d3       24%         1
 Poisonous Vapours        Pois/Air       0%         N/A       34%         2
 Olgreb's Toxic Radiance  Pois           0%         N/A       93%         4


Dungeon Overview and Level Annotations

Branches:
Dungeon (9/15)             Temple (0/1) D:6
   Lair: D:8-11         Orc: D:9-12

Altars:
Ashenzari
Cheibriados
Dithmenos
Fedhas
Gozag
Kikubaaqudgha
Nemelex Xobeh
Qazlal
Ru
Uskayaw
Vehumet
Wu Jian
Xom

Shops:
D:6 [   D:7 *!!=?

Annotations:
D:4 3 runed translucent doors, Ofeo's ghost, novice DsSh
D:5 3 runed translucent doors, pokeman's ghost, amateur DEHW
D:8 Grum


Innate Abilities, Weirdness & Mutations

You are a hulking beast.
Your limbs bulge with bestial killing power. (Slay +4)
You cannot wear most types of armour.
You are amphibious.
You can wear up to eight rings at the same time.
Your skin changes colour to match your surroundings (Stealth+).
Your rubbery body absorbs attacks. (AC +1, EV +1)
((You are camouflaged when in or above water. (Stealth+)))
You have tentacles for arms and can constrict up to eight enemies at once.


Message History

The wolf misses you.
The kobold throws a stone.
The stone hits you but does no damage.
Grum hits you from afar with a +0 halberd!
You bludgeon the wolf!
You kill the wolf!
Grum barely misses you.
You tentacle-slap the wolf. Your grab misses the wolf.
Your squeeze misses the wolf.
The wolf is lightly wounded.
The wolf bites you. The wolf misses you.
Unknown command.
You bludgeon the wolf! You grab the wolf. You squeeze the wolf.
The wolf is almost dead.
You constrict the wolf.
Grum hits you from afar with a +0 halberd!
The wolf bites you!
You tentacle-slap the wolf.
You kill the wolf!
The kobold throws a stone.
The stone closely misses you. Grum closely misses you.
Unknown command.
Things that are here:
a +0 club; a curare-tipped dart; a kobold corpse The kobold closely misses you.
You bludgeon the kobold!
You kill the kobold!
Grum hits you from afar with a +0 halberd!
* * * LOW HITPOINT WARNING * * *
Things that are here:
a +0 short sword; 3 stones The kobold completely misses you.
You barely miss the kobold. Your grab misses the kobold.
You tentacle-slap the kobold.
You kill the kobold!
Grum misses you.
There is a stone staircase leading up here.
You see here a +0 short sword.
Grum hits you from afar with a +0 halberd!!
You die...
Your body disappears without a glow.

#>######..#
#.#......o#.#
###.#.##...o.o..
#..[.....# .. #.#....#[#
.# ## #......# .# ...
#..#...#.# .##...#
#.###)##.#####......#
#.# ##h.g.).†.....# ..#
##.#######.###...# ...
#)########.####..#
.....K.#..K..$...).....#
#.####. .#####...>.>...#
#. K##.............. KK
.##.##....?.$^### #. ###
#<........# K.
#.#####.#...


You could see Grum and a kobold (wandering).

Vanquished Creatures
  Joseph (D:7)
  2 water moccasins
  3 orc warriors
  An ice beast (D:5)
  2 wolves (D:8)
  A centaur (D:7)
  3 ogres
  A kobold brigand (D:8)
  A bullfrog (D:6)
  3 scorpions
  3 wights (D:6)
  3 killer bees (D:8)
  5 howler monkeys
  A quasit (D:5)
  5 hounds
  4 jellies
  An orc priest (D:7)
  A gnoll bouda (D:4)
  2 sleepcaps (D:7)
  2 iguanas
  Natasha (thrice) (D:3)
  3 orc wizards
  7 gnolls
  8 adders
  5 shadow imps
  A white imp (D:6)
  2 ufetubi (D:5)
  A worm (D:6)
  2 dart slugs
  22 orcs
  4 ball pythons
  5 endoplasms
  2 giant cockroaches
  8 goblins
  6 hobgoblins
  5 jackals (D:3)
  2 quokkas
  6 bats
  3 frilled lizards
  5 kobolds
  3 rats (D:1)
148 creatures vanquished.

Notes
Turn   | Place    | Note
-------+----------+-------------------------------------------
     0 | D:1      | Zonian the Octopode Shapeshifter began the quest for the
                  | Orb.
     0 | D:1      | Reached XP level 1. HP: 13/13 MP: 1/1
    40 | D:1      | Reached XP level 2. HP: 18/18 MP: 2/2
    59 | D:1      | Found a faded altar of an unknown god.
    89 | D:1      | Prayed at the altar of an unknown god.
    89 | D:1      | Became a worshipper of Nemelex Xobeh the Trickster
    89 | D:1      | Reached * piety under Nemelex Xobeh
   161 | D:1      | Received a gift from Nemelex Xobeh
   331 | D:1      | Reached XP level 3. HP: 21/23 MP: 3/3
   707 | D:2      | Reached ** piety under Nemelex Xobeh
  1149 | D:3      | Noticed Natasha
  1154 | D:3      | Killed Natasha
  1155 | D:3      | Reached XP level 4. HP: 19/29 MP: 4/4
  1238 | D:3      | Noticed Natasha
  1326 | D:3      | Killed Natasha
  1438 | D:3      | Reached XP level 5. HP: 35/35 MP: 5/5
  1594 | D:3      | Noticed Natasha
  1602 | D:3      | Killed Natasha
  1816 | D:3      | Reached skill level 4 in Unarmed Combat
  2315 | D:3      | Reached *** piety under Nemelex Xobeh
  2442 | D:3      | Found a sparkling altar of Nemelex Xobeh.
  2547 | D:4      | Received a gift from Nemelex Xobeh
  2555 | D:4      | Found a radiant altar of Vehumet.
  2590 | D:4      | Reached XP level 6. HP: 36/41 MP: 6/6
  3470 | D:4      | Found a runed translucent gate.
  3470 | D:4      | Identified the +0 ring mail "Ceathioll" {Regen+ Stlth+}
  3471 | D:4      | Found a runed translucent gate.
  3477 | D:4      | Noticed Ofeo's ghost (novice DsSh)
  3480 | D:4      | Found a runed translucent gate.
  3597 | D:5      | Entered Level 5 of the Dungeon
  3601 | D:5      | Found an ancient bone altar of Kikubaaqudgha.
  3608 | D:5      | Reached XP level 7. HP: 32/46 MP: 7/7
  3608 | D:5      | Found a shadowy altar of Dithmenos.
  3795 | D:5      | Found a hide-covered altar of Uskayaw.
  3796 | D:5      | Found an opulent altar of Gozag.
  3831 | D:5      | Received a gift from Nemelex Xobeh
  3849 | D:5      | Reached skill level 5 in Unarmed Combat
  4065 | D:5      | Found a runed translucent gate.
  4065 | D:5      | Found a runed translucent gate.
  4066 | D:5      | Found a runed translucent gate.
  4353 | D:5      | Noticed pokeman's ghost (amateur DEHW)
  5037 | D:5      | Reached XP level 8. HP: 54/54 MP: 8/8
  5188 | D:5      | Reached **** piety under Nemelex Xobeh
  5494 | D:5      | Identified the ring "Racuhiar" {rPois Str+4}
  5669 | D:6      | Reached skill level 5 in Dodging
  5898 | D:6      | Received a gift from Nemelex Xobeh
  5929 | D:6      | Found a snail-covered altar of Cheibriados.
  5950 | D:6      | Found a staircase to the Ecumenical Temple.
  5968 | D:6      | Reached skill level 5 in Shapeshifting
  6219 | D:6      | Received a gift from Nemelex Xobeh
  6221 | D:6      | Found Esazxu Zehif's Antique Armour Boutique.
  6257 | D:6      | Reached skill level 5 in Fighting
  6281 | D:6      | Reached skill level 6 in Unarmed Combat
  6390 | D:6      | Found an ornate altar of the Wu Jian Council.
  6429 | D:6      | Received a gift from Nemelex Xobeh
  6558 | D:6      | Reached skill level 1 in Stealth
  6599 | D:6      | Reached ***** piety under Nemelex Xobeh
  6601 | D:6      | Found a broken altar of Ashenzari.
  7121 | D:7      | Found Ukiut's Distillery.
  7124 | D:7      | Bought a potion of heal wounds for 80 gold pieces
  7124 | D:7      | Bought a potion of curing for 48 gold pieces
  7124 | D:7      | Bought 2 potions of curing for 96 gold pieces
  7124 | D:7      | Bought a potion of heal wounds for 80 gold pieces
  7169 | D:7      | Found Qigulitt's Assorted Antiques.
  7243 | D:7      | Reached XP level 9. HP: 56/61 MP: 9/9
  7282 | D:7      | Found Mecrumn's Distillery.
  7289 | D:7      | Bought a potion of heal wounds for 65 gold pieces
  7800 | D:7      | Found a blossoming altar of Fedhas.
  7803 | D:7      | Received a gift from Nemelex Xobeh
  7821 | D:7      | Found Xeykkogg's Jewellery Emporium.
  8242 | D:7      | Found a stormy altar of Qazlal.
  8296 | D:7      | Found a sacrificial altar of Ru.
  8325 | D:7      | Noticed Joseph
  8336 | D:7      | Killed Joseph
  8740 | D:7      | Received a gift from Nemelex Xobeh
  8898 | D:7      | Reached skill level 7 in Unarmed Combat
  8924 | D:7      | Found a shimmering altar of Xom.
  8973 | D:7      | Found Ibbe's Magic Scroll Emporium.
  9040 | D:7      | Reached skill level 5 in Stealth
  9735 | D:8      | You fall into a shaft and drop 1 floor!
  9760 | D:8      | Noticed Grum
  9786 | D:8      | Mangled by Grum

Illustrated notes

Levels and vault maps discovered:
D:1:      arrival_zaba_pyramid, layout_basic, serial_forest,
          infiniplex_forest_clump_curved, infiniplex_forest_zigzag_2,
          infiniplex_forest_clump_tiny, infiniplex_forest_straight_2,
          infiniplex_forest_clump_tiny, shapermc_ecumenical_altar_flowoftime,
          minmay_stone_trees_small
D:2:      layout_rooms, minmay_tiny_reverse_x
D:3:      layout_rooms, nemelex_diamond_rough_becter, uniq_natasha
D:4:      layout_rooms, overflow_temple_1_default, biasface_ghost_orc_armoury
D:5:      layout_basic, nicolae_overflow_macrodata_refinement, serial_demonic,
          serial_demonic_d, serial_demonic_g, serial_demonic_c,
          serial_demonic_a, gammafunk_ghost_split
D:6:      layout_gridville, mainiacjoe_overflow_alcove_2, chei_slow_surprise,
          lemuel_doored_altar, minmay_temple_entry_mist, serial_shops, shop
D:7:      layout_loops_ring, nicolae_ru_the_path_less_chosen,
          general_overflow_altar, lemuel_round_altar, marbit_many_paths,
          serial_shops, nicolae_shop_pleasant_corner_grove,
          kennysheep_mini_moat, nicolae_lakefront_shop,
          nicolae_shop_competitors_out_of_business,
          nicolae_shop_back_alley_shop, uniq_joseph
D:8:      layout_loops_ring, uniq_grum
D:9:      layout_cave_pools, dpeg_oklobed_lair, st_stairs_11,
          palyth_stone_intersect

Skill      XL: |  1  2  3  4  5  6  7  8  9 |
---------------+----------------------------+-----
Fighting       | 2 3 4 5 6 |  6.9
Dodging        | 3 4 5 |  5.4
Unarmed Combat | 4 5 6 7 |  7.6
Shapeshifting  | 4 5 6 |  6.5
Stealth        | 2 5 |  5.0

Action                     |  1- 3 |  4- 6 |  7- 9 || total
---------------------------+-------+-------+-------++-------
  Melee: Unarmed           |    72 |   100 |   178 ||   350
         Constrict         |    19 |    30 |    43 ||    92
         Tentacles         |    18 |    24 |    48 ||    90
         Punch             |     1 |     4 |    15 ||    20
 Invoke: Draw Destruction  |       |     1 |     4 ||     5
         Draw Escape       |       |       |     1 ||     1
    Use: Scroll            |       |    12 |     3 ||    15
   Stab: Sleeping          |     6 |     3 |     2 ||    11
         Distracted        |       |       |     1 ||     1
 Armour: Skin              |     4 |     2 |     7 ||    13
  Dodge: Dodged            |    16 |    63 |   147 ||   226

Table legend: (Time is in decaauts)
 A = Elapsed time spent in this place.
 B = Non-inter-level travel time spent in this place.
 C = Inter-level travel time spent in this place.
 D = Time resting spent in this place.
 E = Time spent auto-exploring this place.
 F = Levels seen in this place.
 G = Mean time per level.
                   A        B        C        D        E       F      G
               +--------+--------+--------+--------+--------+-----+--------+
         Total |   9786 |   9575 |    211 |   4481 |   3908 |   9 | 1087.3 |
       Dungeon |   9786 |   9575 |    211 |   4481 |   3908 |   9 | 1087.3 |
               +--------+--------+--------+--------+--------+-----+--------+

Top non-repeatable levels by time:
     D:7: 2534 daAuts
     D:5: 2246 daAuts
     D:3: 1554 daAuts
     D:6: 1160 daAuts
     D:4: 919 daAuts
     D:1: 687 daAuts
     D:2: 457 daAuts
     D:8: 201 daAuts
     D:9: 24 daAuts
